 Dungeon Crawl Stone Soup version 0.13-a0-2348-g42d4ca8 (console) character file.

52353 Illaniel the Carver (level 14, -6/89 HPs)
             Began as a High Elf Skald on July 9, 2013.
             Was a High Priest of Okawaru.
             Killed from afar by an electric eel (8 damage)
             ... with a bolt of electricity
             ... on Level 7 of the Lair of Beasts on July 11, 2013.
             The game lasted 03:28:17 (30930 turns).

Illaniel the Carver (High Elf Skald)               Turns: 30930, Time: 03:28:17

HP  -6/89        AC 16     Str 12      XL: 14   Next: 21%
MP  34/34        EV 10     Int 17 (23) God: Okawaru [*****.]
Gold 1314        SH  0     Dex 16      Spells:  5 memorised, 25 levels left

Res.Fire  : + . .   See Invis. : .   a - -1,+6 scimitar of a Thousand Hells {venom, Res.Cold : + . . Warding : . i - +2 scale mail {rF+} Life Prot.: . . . Conserve : . (no shield)
Res.Poison: +       Res.Corr.  : .   (no helmet)
Res.Elec. : .       Clarity    : +   W - +2 dwarf cloak
Sust.Abil.: . .     Spirit.Shd : .   Y - +0 pair of elf gloves
Res.Mut.  : .       Stasis     : .   d - +0 pair of boots
Res.Rott. : .       Flight     : .   t - amulet of clarity
Saprovore : . . .                    A - ring of poison resistance
                                     T - ring of the Mage {Wiz MR+ Int+3}

@: very resistant to hostile enchantments, fairly stealthy
A: no striking features
a: Heroism, Finesse, Renounce Religion


You were on level 7 of the Lair of Beasts.
You worshipped Okawaru.
Okawaru was extremely pleased with you.
You were not hungry.

You visited 3 branches of the dungeon, and saw 21 of its levels.
You also visited: Volcano.

You collected 1294 gold pieces.

Inventory:

Hand weapons
 a - the -1,+6 scimitar of a Thousand Hells (weapon) {venom, rC+}
   (You found it on level 1 of the Lair of Beasts)

   It poisons the flesh of those it strikes.
   It protects you from cold.
 f - a +3,+1 scimitar of flaming
 h - a +5,+4 elven scimitar of holy wrath
Missiles
 G - 7 exploding darts (quivered)
Armour
 b - the +0 ring mail "Heuguij" {rN+ MR++}
   (You found it on level 3 of the Lair of Beasts)

   It protects you from negative energy.
   It affects your resistance to hostile enchantments.
 d - a +0 pair of boots (worn)
 i - a +2 scale mail of fire resistance (worn)
 W - a +2 dwarven cloak (worn)
 Y - a +0 pair of elven gloves (worn)
Magical devices
 e - a wand of teleportation (3)
 g - a wand of hasting (0)
 F - a wand of draining (3)
Scrolls
 c - 4 scrolls of noise
 m - 4 scrolls of remove curse
 n - a scroll of curse armour
 r - 2 scrolls of immolation
 s - a scroll of silence
 u - 2 scrolls of fear
 x - a scroll of fog
 E - 6 scrolls of teleportation
 H - a scroll of torment
 I - 3 scrolls of enchant weapon I {unknown}
 M - 2 scrolls of curse weapon
Jewellery
 p - an uncursed ring of positive energy
 t - an amulet of clarity (around neck)
 A - a ring of poison resistance (right hand)
 D - an uncursed ring of flight
 J - an uncursed ring of teleportation
 T - the ring of the Mage (left hand) {Wiz MR+ Int+3}
   (You found it on level 3 of the Lair of Beasts)

   [ring of wizardry]

   It affects your intelligence (+3).
   It affects your resistance to hostile enchantments.
 U - an uncursed amulet of stasis
 Z - an uncursed amulet of resist mutation
Potions
 k - a potion of invisibility
 l - a potion of poison
 o - 3 potions of magic
 q - 2 potions of paralysis
 z - a potion of strong poison
 B - a potion of slowing
 L - 2 potions of berserk rage
 N - 2 potions of restore abilities
 P - 5 potions of brilliance
 Q - a potion of agility
 R - 3 potions of curing
Books
 j - a book of Death

   Spells                             Type                      Level
   Corpse Rot                         Necromancy                   2
   Sublimation of Blood               Necromancy                   2
   Agony                              Necromancy                   5
   Dispel Undead                      Necromancy                   5
   Excruciating Wounds                Charms/Necromancy            5
   Bolt of Draining                   Conjuration/Necromancy       6
 w - a book of Annihilations {highlevel}

   This book is beyond your current level of understanding.

   Spells                             Type                      Level
   Poison Arrow                       Conjuration/Poison           6
   Orb of Destruction                 Conjuration                  7
   Chain Lightning                    Conjuration/Air              8
   Lehudib's Crystal Spear            Conjuration/Earth            8
   Ice Storm                          Conjuration/Ice              9
   Fire Storm                         Conjuration/Fire             9


   Skills:
 + Level 7.1 Fighting
   Level 2.4 Short Blades
 * Level 11.3 Long Blades
 + Level 7.3 Armour
 * Level 10.5 Dodging
 + Level 6.4 Stealth
 + Level 5.1 Traps
 * Level 10.5 Spellcasting
 - Level 3.0 Hexes
 * Level 11.0 Charms
 + Level 3.6 Summonings
 - Level 4.0 Translocations
 * Level 8.6 Invocations
 + Level 5.8 Evocations


You had 25 spell levels left.
You knew the following spells:

 Your Spells              Type           Power        Failure   Level  Hunger
a - Infusion              Chrm           #####.       1%          1    None
b - Song of Slaying       Chrm           #####.....   1%          2    None
c - Spectral Weapon       Hex/Chrm       ####....     3%          3    None
h - Shroud of Golubria    Chrm/Tloc      ####......   1%          2    None
z - Summon Butterflies    Summ           ###.....     4%          1    None


Dungeon Overview and Level Annotations

Branches:
Dungeon (12/27)            Temple (1/1) D:5             Orc (0/4) D:11
   Lair (8/8) D:12         Shoals (0/5) Lair:4        Snake (0/5) Lair:6
  Slime: Lair:6-8

Altars:
Ashenzari
Cheibriados
Elyvilon
Fedhas
Kikubaaqudgha
Makhleb
Nemelex Xobeh
Okawaru
Sif Muna
Trog
Vehumet
Xom
Yredelemnul
Zin
the Shining One

Shops:
D:6: /

Annotations
D:11 Poody's ghost, powerful MiFi
Lair:2 1 exclusion


Message History

Read which item? (? for menu, Esc to quit)
Okay, then.
Drink which item? (? for menu, Esc to quit)
You feel much better. The death yak gores you.
Drink which item? (? for menu, Esc to quit)
You feel much better. The death yak gores you!
The death yak gores you but does no damage.
The death yak gores you!
* * * LOW HITPOINT WARNING * * *
The electric eel shoots out a bolt of electricity!
The bolt of electricity hits you!
* * * LOW HITPOINT WARNING * * *
The death yak barely misses you.
The electric eel shoots out a bolt of electricity!
The bolt of electricity hits the plant.
The bolt of electricity hits you!
* * * LOW HITPOINT WARNING * * *
The electric eel shoots out a bolt of electricity!
The bolt of electricity hits the fungus.
The bolt of electricity hits you!
You die... ∙∙∙∙∙∙∙∙∙∙∙∙∙∙∙∙∙∙∙∙∙P∙∙∙∙∙∙∙∙∙PP

∙∙∙∙∙∙∙∙∙∙∙∙▒▒∙∙▒∙∙∙∙∙∙∙∙∙f∙▒∙∙∙∙
∙▒▒∙∙∙∙∙∙▒▒∙▒▒∙▒∙∙∙∙≈∙∙∙∙∙P∙<∙∙∙∙
▒∙∙∙∙∙▒▒▒∙▒▒▒▒∙∙∙≈≈≈≈∙∙∙∙∙∙∙∙∙∙
▒∙∙∙∙∙▒▒▒▒▒ ▒∙∙≈≈≈≈≈∙∙∙∙∙∙∙∙∙∙
▒▒∙∙∙∙▒∙▒▒▒▒▒▒▒≈≈≈≈≈≈≈∙∙∙<∙∙∙∙∙
▒∙∙∙∙∙∙∙∙∙∙∙▒∙≈∙≈≈≈≈≈∙∙∙∙∙∙∙∙∙∙
▒▒▒▒▒∙∙∙∙∙∙∙∙∙∙∙≈≈≈≈∙∙∙∙∙∙f∙∙∙∙
▒▒▒∙∙∙∙∙∙∙∙∙▒∙≈≈▒∙∙∙∙∙∙∙∙∙∙
▒∙▒▒▒∙∙∙∙∙f∙f▒∙∙∙∙∙∙∙▒∙∙∙
▒∙∙▒∙∙∙∙@∙ff∙▒f∙∙∙P∙▒▒∙∙∙
∙∙▒∙▒∙f▒▒Yf∙▒▒∙∙∙∙▒▒▒▒∙∙∙
▒∙∙▒▒∙∙f∙P∙∙∙▒▒≈∙≈≈▒∙∙∙∙∙∙
▒≈≈▒▒∙∙∙∙∙∙∙∙∙≈≈≈≈≈≈∙∙∙∙>∙
≈≈≈∙∙∙∙∙∙∙∙f≈≈≈≈≈≈≈≈∙P∙∙∙
≈≈;∙∙∙∙∙∙∙∙▒∙≈≈≈≈≈≈≈≈▒∙∙∙
≈;∙∙∙∙∙∙∙∙≈≈f≈≈≈≈≈≈≈∙∙∙∙
≈≈∙∙∙∙∙∙∙∙P▒P≈≈≈≈≈≈≈▒∙∙▒
∙∙▒▒∙P∙∙∙P▒▒∙∙∙≈≈≈≈▒∙∙∙▒
∙∙∙PP∙∙∙∙∙∙∙∙∙∙∙∙∙∙∙∙▒


∙∙PPP∙∙∙∙∙∙∙∙∙∙ ∙∙∙∙∙▒ You could see a death yak and an electric eel.

Vanquished Creatures
  A dire elephant (Lair:8)
  Fannar (Lair:5)
  Erica (Lair:3)
  Nessos (D:11)
  8 death yaks
  5 hydras
  A deep troll shaman (Lair:8)
  Urug (D:12)
  Nergalle (D:10)
  A catoblepas (Lair:8)
  4 hill giants
  Pikel (D:4)
  Joseph (D:7)
  A statue (D:7)
  A cyclops (D:11)
  2 griffons
  An eye of devastation (D:9)
  Maurice (D:9)
  3 elephants (Lair:8)
  2 black mambas
  4 fire drakes
  12 spiny frogs
  2 trolls
  A naga mage (Lair:6)
  7 komodo dragons
  Prince Ribbit (D:9)
  4 blink frogs
  A boulder beetle (Lair:7)
  6 slime creatures
  2 grizzly bears (Lair:8)
  4 basilisks
  A wyvern (D:12)
  A steam dragon (D:9)
  3 toenail golems (Volcano)
  A griffon skeleton (D:11)
  A wraith (D:10)
  23 yaks
  Grum (D:11)
  4 hippogriffs
  3 swamp worms (Lair:8)
  A two-headed ogre (D:9)
  14 wolves
  Menkaure (D:4)
  6 necrophages (Lair:2)
  A manticore (Lair:4)
  6 orc warriors
  3 slaves
  A black bear (Lair:1)
  A sky beast (D:8)
  10 porcupines
  5 ice beasts
  A phantom (D:7)
  A boring beetle (Lair:7)
  15 crocodiles
  3 big kobolds
  7 ogres
  Duvessa (D:7)
  2 gnoll sergeants
  9 giant slugs
  11 water moccasins
  3 centaurs
  2 brain worms (Lair:8)
  18 giant frogs
  3 agate snails
  2 jellyfish (Lair:8)
  A troll zombie (D:10)
  6 wights
  25 killer bees
  An eye of draining (D:12)
  A yak skeleton (D:9)
  Dowan (D:7)
  11 crimson imps
  A gnoll shaman (D:5)
  5 electric eels
  A centaur skeleton (D:9)
  8 hounds
  10 orc priests
  Crazy Yiuf (D:7)
  6 humans (Volcano)
  A soldier ant zombie (D:12)
  8 iguanas
  A scorpion (D:4)
  A deep elf soldier (D:12)
  5 worker ants
  17 sheep
  Jessica (D:3)
  2 jellies
  An ogre skeleton (D:3)
  Terence (D:3)
  A worker ant zombie (D:6)
  9 orc wizards
  21 adders
  5 giant centipedes
  24 gnolls
  52 green rats
  2 giant mites
  13 worms
  An adder skeleton (D:4)
  7 giant geckos
  An ooze (D:4)
  56 orcs
  4 giant cockroaches
  14 goblins
  16 hobgoblins
  19 jackals
  29 kobolds
  13 quokkas
  A ball python (D:4)
  35 bats
  A giant gecko skeleton (D:5)
  7 giant newts
  2 giant spores
  A kobold zombie (D:8)
  2 orc skeletons
  A quokka skeleton (D:7)
  35 rats
  A rat skeleton (D:3)
  6 spectral orcs
  20 ballistomycetes
  3 fungi
765 creatures vanquished.

Vanquished Creatures (collateral kills)
  A green rat (Lair:2)
  A bat (D:7)
2 creatures vanquished.

Vanquished Creatures (others)
  22 spectral weapons
  A gnoll (D:4)
  2 green rats (Lair:7)
  An orc (D:4)
  3 kobolds
  A rat (D:9)
  5 butterflies
  6 fungi
  3 plants
44 creatures vanquished.

Grand Total: 811 creatures vanquished

Notes
Turn   | Place    | Note
--------------------------------------------------------------
     0 | D:1      | Illaniel, the High Elf Skald, began the quest for the Orb.
     0 | D:1      | Reached XP level 1. HP: 13/13 MP: 4/4
   149 | D:1      | Reached skill level 1 in Armour
   149 | D:1      | Reached XP level 2. HP: 4/18 MP: 0/6
   250 | D:1      | Learned a level 2 spell: Song of Slaying
   253 | D:1      | Learned a level 2 spell: Shroud of Golubria
   742 | D:1      | Reached skill level 4 in Charms
   742 | D:1      | Reached XP level 3. HP: 16/23 MP: 0/9
  1463 | D:2      | Reached skill level 1 in Long Blades
  1761 | D:2      | Reached XP level 4. HP: 27/29 MP: 4/11
  1766 | D:2      | Learned a level 3 spell: Spectral Weapon
  2581 | D:2      | Reached XP level 5. HP: 34/34 MP: 6/13
  3474 | D:3      | Reached XP level 6. HP: 21/40 MP: 9/17
  3540 | D:3      | Noticed Terence
  3914 | D:4      | Noticed Menkaure
  4085 | D:3      | Noticed Jessica
  4109 | D:3      | Killed Jessica
  4425 | D:3      | Killed Terence
  4639 | D:4      | Reached skill level 1 in Translocations
  4854 | D:4      | Reached XP level 7. HP: 45/45 MP: 10/20
  5187 | D:5      | Entered Level 5 of the Dungeon
  5191 | D:5      | Noticed Pikel
  5502 | D:4      | Killed Pikel
  5502 | D:4      | Reached skill level 5 in Long Blades
  5502 | D:4      | Reached skill level 1 in Hexes
  5502 | D:4      | Reached skill level 5 in Charms
  5502 | D:4      | Reached XP level 8. HP: 51/51 MP: 5/21
  5688 | D:5      | Found a staircase to the Ecumenical Temple.
  5695 | Temple   | Entered the Ecumenical Temple
  5746 | Temple   | Became a worshipper of Warmaster Okawaru
  6032 | D:5      | Reached skill level 5 in Spellcasting
  7167 | D:6      | Found Ugoceucoups' Magical Wand Boutique.
  7246 | D:6      | Reached skill level 5 in Dodging
  7653 | D:7      | Acquired Okawaru's first power
  7680 | D:7      | Noticed Duvessa
  7680 | D:7      | Noticed Dowan
  7740 | D:7      | Killed Duvessa
  7752 | D:7      | Killed Dowan
  7804 | D:7      | Noticed a wizard statue
  7913 | D:7      | Reached XP level 9. HP: 56/56 MP: 24/24
  8006 | D:7      | Reached skill level 6 in Spellcasting
  8118 | D:7      | Killed a wizard statue
  8355 | D:7      | Noticed Joseph
  8378 | D:7      | Killed Joseph
  8378 | D:7      | Reached skill level 1 in Invocations
  8562 | D:7      | Noticed Crazy Yiuf
  8573 | D:7      | Killed Crazy Yiuf
  8841 | D:6      | Reached skill level 1 in Evocations
  9028 | D:7      | Reached skill level 1 in Stealth
  9028 | D:7      | Reached skill level 1 in Traps
  9322 | D:8      | Reached skill level 5 in Armour
  9490 | D:8      | Reached skill level 7 in Long Blades
  9611 | D:8      | Found a shattered altar of Ashenzari.
  9640 | D:8      | Reached XP level 10. HP: 63/63 MP: 12/27
  9910 | D:8      | Found a basalt altar of Yredelemnul.
  9910 | D:8      | Found a sparkling altar of Nemelex Xobeh.
 10014 | D:9      | Noticed Prince Ribbit
 10054 | D:9      | Noticed Maurice
 10143 | D:9      | Killed Maurice
 10292 | D:9      | HP: 3/63 [disintegration (34)]
 10613 | D:9      | Killed Prince Ribbit
 11646 | D:9      | Reached skill level 8 in Long Blades
 12064 | D:10     | Entered Level 10 of the Dungeon
 12070 | D:10     | Reached XP level 11. HP: 68/68 MP: 22/28
 12079 | D:10     | Noticed Nergalle
 12132 | D:10     | Killed Nergalle
 12298 | D:10     | Reached skill level 5 in Fighting
 12972 | D:10     | Noticed a hill giant
 12989 | D:10     | Killed a hill giant
 13005 | D:10     | Noticed a hill giant
 13012 | D:10     | Killed a hill giant
 13328 | D:10     | Found a glowing silver altar of Zin.
 13578 | D:10     | Reached skill level 5 in Invocations
 13813 | D:11     | Noticed a four-headed hydra
 13921 | D:11     | Noticed Nessos
 14567 | D:11     | Killed Nessos
 14764 | D:11     | Found a staircase to the Orcish Mines.
 14865 | D:12     | Learned a level 1 spell: Summon Butterflies
 14932 | D:10     | Noticed a hill giant
 15139 | D:10     | Killed a hill giant
 15238 | D:12     | Noticed Urug
 15240 | D:12     | Noticed a hill giant
 15367 | D:12     | Killed a hill giant
 15436 | D:12     | Reached skill level 1 in Summonings
 15497 | D:12     | Found a staircase to the Lair.
 15501 | Lair:1   | Entered Level 1 of the Lair of Beasts
 15511 | Lair:1   | Reached skill level 9 in Long Blades
 15926 | Lair:1   | Identified the Reference Book on Curses and Snow
 15927 | Lair:1   | Upgraded the game from 0.13-a0-2305-ge00d11d to 0.13-a0-2318-gf5ad1f9
 15969 | Lair:1   | Got a crystal scimitar
 15970 | Lair:1   | Identified the scimitar of a Thousand Hells {venom, rC+} (You found it on level 1 of the Lair of Beasts)
 16424 | Lair:2   | Noticed a dragon
 16652 | Lair:2   | Acquired Okawaru's second power
 16657 | Lair:2   | Reached XP level 12. HP: 36/75 MP: 17/30
 17636 | Lair:3   | Got an ancient amber ring
 17727 | Lair:1   | Identified the ring of Uffeumn {+Fly Str+4 Dex-5} (You found it on level 3 of the Lair of Beasts)
 17854 | D:12     | Killed Urug
 18352 | D:11     | Received a gift from Okawaru
 18507 | D:11     | Noticed Grum
 18523 | D:11     | Killed Grum
 18539 | D:11     | Noticed Poody's ghost (powerful MiFi)
 19018 | D:11     | Killed a four-headed hydra
 19783 | Lair:3   | Got a faintly humming ring mail
 19803 | Lair:2   | Identified the cursed +0 ring mail "Heuguij" {rN+ MR++} (You found it on level 3 of the Lair of Beasts)
 20295 | D:4      | Killed Menkaure
 21439 | Lair:3   | Noticed a seven-headed hydra
 21581 | Lair:3   | Noticed Erica
 22063 | Lair:3   | Killed Erica
 22409 | Lair:3   | Killed a hydra
 22409 | Lair:3   | Reached skill level 10 in Long Blades
 22722 | Lair:3   | Received a gift from Okawaru
 22722 | Lair:3   | Reached skill level 5 in Stealth
 23031 | Lair:4   | Found a staircase to the Shoals.
 23041 | Lair:4   | Reached XP level 13. HP: 56/81 MP: 21/32
 24244 | Lair:5   | Reached skill level 5 in Evocations
 24331 | Lair:5   | Reached skill level 10 in Dodging
 24454 | Lair:5   | Noticed Fannar
 24467 | Lair:5   | Killed Fannar
 24818 | Lair:6   | Found a dark tunnel.
 24879 | Volcano  | Entered a volcano
 24893 | Volcano  | Reached skill level 10 in Charms
 25199 | Lair:6   | Upgraded the game from 0.13-a0-2318-gf5ad1f9 to 0.13-a0-2348-g42d4ca8
 25205 | Lair:6   | Found a staircase to the Snake Pit.
 26426 | Lair:7   | Reached skill level 10 in Spellcasting
 27537 | Lair:8   | Entered Level 8 of the Lair of Beasts
 28384 | Lair:8   | Reached skill level 11 in Long Blades
 28417 | Lair:8   | Received a gift from Okawaru
 28448 | Lair:8   | Noticed a dire elephant
 28461 | Lair:8   | Killed a dire elephant
 28461 | Lair:8   | Reached skill level 5 in Traps
 28465 | Lair:8   | Reached XP level 14. HP: 29/89 MP: 11/33
 30929 | Lair:7   | HP: 1/89 [electric eel/bolt of electricity (12)]
 30930 | Lair:7   | Killed from afar by an electric eel

Action                   |  1- 3 |  4- 6 |  7- 9 | 10-12 | 13-15 || total
-------------------------+-------+-------+-------+-------+-------++-------
Melee: Short sword       |   154 |       |       |       |       ||   154
       Long sword        |     9 |    19 |    66 |   145 |       ||   239
       Great sword       |       |    86 |   208 |   298 |       ||   592
       Falchion          |       |       |       |    82 |       ||    82
       Scimitar          |       |       |       |   458 |   506 ||   964
Throw: Stone             |       |       |       |     1 |       ||     1
       Dart              |       |       |       |     7 |       ||     7
 Cast: Infusion          |    24 |    22 |    45 |   124 |    67 ||   282
       Shroud of Golubri |    19 |    23 |    37 |    86 |    45 ||   210
       Song of Slaying   |     2 |     6 |    16 |    21 |       ||    45
       Spectral Weapon   |       |    20 |    45 |   142 |    95 ||   302
       Summon Butterflie |       |       |       |     5 |       ||     5
Invok: Heroism           |       |       |     5 |    18 |     8 ||    31
       Finesse           |       |       |       |     1 |     5 ||     6
 Abil: Evoke Flight      |       |       |       |     1 |       ||     1
Evoke: Wand              |       |       |     5 |    36 |    10 ||    51
  Use: Scroll            |       |     2 |    15 |    27 |    13 ||    57
       Potion            |       |       |       |    13 |     5 ||    18
 Stab: Sleeping          |       |     1 |     2 |     8 |     7 ||    18
       Distracted        |       |       |     2 |    14 |     5 ||    21
